 Dungeon Crawl Stone Soup version 0.31-a0-702-gf82c85558f (webtiles) character file.

Game seed: 2320119658285003098

154 qw the Shooter (level 5, -1/32 HPs)
             Began as a Gargoyle Hunter on Sept 7, 2023.
             Killed from afar by an orc wizard (3 damage)
             ... with a magic dart
             ... on level 4 of the Dungeon.
             The game lasted 00:00:52 (2187 turns).

qw the Shooter (Gargoyle Hunter)                    Turns: 2187, Time: 00:00:53

Health: -1/32      AC: 10    Str: 15    XL:     5   Next: 35%
Magic:  5/5        EV: 11    Int:  9    God:
Gold:   116        SH:  0    Dex: 15    Spells: 4/4 levels left

rFire   . . .        Y - +1 shortbow
rCold   + . .        (shield currently unavailable)
rNeg    + . .        d - +0 ring mail
rPois   inf          (no helmet)
rElec   +            (no cloak)
rCorr   .            f - +0 pair of gloves
SInv    +            (no boots)
Will    .....        (no amulet)
Stlth   +            c - ring of protection from cold
HPRegen 0.25/turn    j - ring of see invisible
MPRegen 0.09/turn

%: no passive effects
@: no status effects
A: sickness immunity, AC +4, negative energy resistance 1, electricity
resistance, torment resistance 1, petrification resistance
a: no special abilities


You were on level 4 of the Dungeon.
You visited 1 branch of the dungeon, and saw 4 of its levels.

You collected 152 gold pieces.
You spent 36 gold pieces at shops.


Innate Abilities, Weirdness & Mutations

You are immune to sickness and miasma.
Your stone body is resilient. (AC +4)
You are immune to poison.
You resist negative energy. (rN+)
You are resistant to electric shocks. (rElec)
You are resistant to unholy torment.
You are immune to petrification.


   Skills:
 + Level 3.1 Fighting
 - Level 6.0 Ranged Weapons
 - Level 1.1 Armour
 - Level 1.5 Dodging
 - Level 1.1 Stealth


You had 4 spell levels left.
You didn't know any spells.
Your spell library was empty.

Inventory:

Hand Weapons
 Y - a +1 shortbow (weapon)
Armour
 d - a +0 ring mail (worn)
 f - a +0 pair of gloves (worn)
Jewellery
 c - a ring of protection from cold (left hand)
 j - a ring of see invisible (right hand)
Scrolls
 b - a scroll of identify
Potions
 g - a potion of berserk rage {unknown}
 h - 2 potions of curing

Dungeon Overview and Level Annotations

Branches:
Dungeon (4/15)
 Temple: D:4-7

Altars:

Shops:
D:1 (![*

Annotations:
D:3 1 runed translucent door, qw's ghost, weakling GrHu


Message History

You shoot an arrow.
The arrow hits the black bear but does no damage.
The black bear is moderately wounded.
The orc wizard hits you but does no damage.
The black bear bites you. The black bear closely misses you.
The black bear barely misses you.
2184 |||
Found retreat position at 1,-1 (orc wizard; floor) with 0 blocking monsters and 2 monsters attacking at destination at distance 1 You shoot an arrow.
The arrow hits the black bear!
The black bear is heavily wounded.
The orc wizard completely misses you.
The orc wizard hits you but does no damage.
The black bear bites you. The black bear closely misses you.
The black bear claws you but does no damage.
2185 |||
Found retreat position at 1,-1 (orc wizard; floor) with 0 blocking monsters and 2 monsters attacking at destination at distance 1 You shoot an arrow.
The arrow hits the black bear.
The black bear is severely wounded.
The orc wizard hits you but does no damage.
The orc wizard casts a spell at you. The magic dart hits you.
The black bear misses you.
The black bear claws you but does no damage.
The black bear closely misses you. The orc wizard barely misses you.
The orc wizard hits you but does no damage.
The black bear bites you. The black bear barely misses you.
The black bear claws you but does no damage.
2186 |||
Found retreat position at 1,-1 (orc wizard; floor) with 0 blocking monsters and 2 monsters attacking at destination at distance 1 You shoot an arrow.
The arrow hits the black bear.
The black bear is severely wounded.
The goblin unwields a +0 sling.
The goblin wields a +0 dagger.
The goblin barely misses you. The black bear misses you.
The black bear claws you but does no damage. x2
The orc wizard gestures at you while chanting.
You resist with some effort.
The orc wizard hits you with a +0 dagger.
2187 |||
Found retreat position at 1,-1 (orc wizard; floor) with 0 blocking monsters and 2 monsters attacking at destination at distance 1 You shoot an arrow.
The arrow hits the black bear.
The black bear is almost dead.
The goblin barely misses you.
The orc wizard points at you and mumbles some strange words.
The magic dart hits you.
You die...

..# .....##
..... ....#
...## ....
.#.#####o#
......h@o####..#
.#.####g<.......
#>.............
#.#.....####..#
###...# .# ##..)
#..# #... #.##


You could see a black bear, 2 orc wizards and a goblin.

Vanquished Creatures
  A scorpion (D:3)
  2 adders
  3 dart slugs (D:2)
  6 orcs (D:3)
  8 endoplasms
  A giant cockroach (D:1)
  3 goblins
  9 hobgoblins
  3 quokkas
  3 ball pythons
  9 bats
  8 kobolds
  5 rats
61 creatures vanquished.

Notes
Turn   | Place    | Note
-------+----------+-------------------------------------------
     0 | D:1      | qw the Gargoyle Hunter began the quest for the Orb.
     0 | D:1      | Reached XP level 1. HP: 12/12 MP: 1/1
     0 | D:1      | 0 ||| qw: Version: 0.3-a-76-g4403597
     0 | D:1      | 0 ||| qw: Game counter: 898
     0 | D:1      | 0 ||| qw: Melee chars always use a shield: true
     0 | D:1      | 0 ||| qw: God list: Okawaru
     0 | D:1      | 0 ||| qw: Allow faded altars: false
     0 | D:1      | 0 ||| qw: Do Orc after clearing Dungeon:15 true
     0 | D:1      | 0 ||| qw: Do second Lair branch before Depths: true
     0 | D:1      | 0 ||| qw: Lair rune preference: random
     0 | D:1      | 0 ||| qw: Goals: Normal
     0 | D:1      | 0 ||| PLANNING D:1-11
    44 | D:1      | Found Derot's Antique Armour Shoppe.
    53 | D:1      | 53 ||| SHOPLISTING glowing scarf (192 gold, have 0).
    53 | D:1      | 53 ||| SHOPLISTING helmet (108 gold, have 0).
    53 | D:1      | 53 ||| SHOPLISTING pair of glowing gloves (180 gold, have
                  | 0).
    59 | D:1      | Found Ummiolew's Assorted Antiques.
    67 | D:1      | 67 ||| SHOPLISTING bronze wand (100 gold, have 0).
    67 | D:1      | 67 ||| SHOPLISTING jade ring (125 gold, have 0).
    67 | D:1      | 67 ||| SHOPLISTING scroll labelled FUD YZUGUEH (25 gold,
                  | have 0).
    67 | D:1      | 67 ||| SHOPLISTING scroll labelled HOSOMA ZUDGHYOMP (25
                  | gold, have 0).
    67 | D:1      | 67 ||| SHOPLISTING scroll labelled TONUMP BEUNAMP (25 gold,
                  | have 0).
    67 | D:1      | 67 ||| SHOPLISTING sedimented pink potion (22 gold, have
                  | 0).
   152 | D:1      | Reached XP level 2. HP: 17/17 MP: 2/2
   205 | D:1      | Found Sokkum's Antique Weapon Shoppe.
   690 | D:1      | Found Boajug's Distillery.
   700 | D:1      | 700 ||| BUYING potion of curing (36 gold).
   700 | D:1      | Bought a potion of curing for 36 gold pieces
   700 | D:1      | 700 ||| SHOPLISTING potion of haste (120 gold, have 3).
   700 | D:1      | 700 ||| SHOPLISTING potion of heal wounds (60 gold, have
                  | 3).
   728 | D:1      | 728 ||| UPGRADING to +0 ring mail.
   738 | D:1      | 738 ||| DROPPING +0 leather armour.
   739 | D:1      | 739 ||| UPGRADING to +0 pair of gloves.
   744 | D:1      | 744 ||| READING scroll labelled WEIZYI YXU RAO.
   745 | D:1      | 745 ||| READING scroll labelled UVIODYXAEL.
   746 | D:1      | 746 ||| DROPPING scroll of butterflies.
   844 | D:2      | Reached XP level 3. HP: 21/21 MP: 3/3
   912 | D:2      | Reached skill level 1 in Armour
   969 | D:2      | Reached skill level 5 in Ranged Weapons
  1214 | D:2      | 1214 ||| UPGRADING to ring of protection from cold.
  1215 | D:2      | 1215 ||| READING 2 scrolls labelled GELEBLAUWKE.
  1216 | D:2      | 1216 ||| DRINKING 2 smoky sapphire potions.
  1239 | D:3      | Reached XP level 4. HP: 27/27 MP: 4/4
  1257 | D:3      | Found a runed translucent door.
  1257 | D:3      | Noticed qw's ghost (weakling GrHu)
  1313 | D:3      | Reached skill level 3 in Fighting
  1460 | D:3      | Found a faded altar of an unknown god.
  1806 | D:3      | 1806 ||| UPGRADING to ring of see invisible.
  1807 | D:3      | 1807 ||| READING scroll labelled TEMOZI VOXUELI.
  1808 | D:3      | 1808 ||| READING scroll labelled TONUMP BEUNAMP.
  1809 | D:3      | 1809 ||| DRINKING 3 sedimented pink potions.
  1810 | D:3      | 1810 ||| DROPPING 2 potions of invisibility.
  1829 | D:4      | Noticed a scorpion
  1832 | D:4      | 1832 ||| STAIRDANCE
  1891 | D:4      | 1891 ||| STAIRDANCE
  1926 | D:4      | 1926 ||| STAIRDANCE
  1975 | D:4      | 1975 ||| STAIRDANCE
  1986 | D:3      | HP: 7/28 [orc/+0 flail (1)]
  1987 | D:3      | 1987 ||| DRINKING potion of heal wounds.
  1991 | D:3      | Killed a scorpion
  1992 | D:3      | Reached XP level 5. HP: 19/32 MP: 5/5
  1994 | D:3      | Reached skill level 6 in Ranged Weapons
  2087 | D:4      | 2087 ||| STAIRDANCE
  2125 | D:4      | Noticed a black bear
  2126 | D:4      | 2126 ||| STAIRDANCE
  2180 | D:4      | 2180 ||| RETREATING.
  2185 | D:4      | HP: 3/32 [black bear (6)]
  2187 | D:4      | Killed from afar by an orc wizard

Levels and vault maps discovered:
D:1:      minmay_arrival_up_and_down, layout_basic, serial_shops, shop, shop,
          shop, shop, minmay_cupped
D:2:      layout_rooms
D:3:      layout_rooms, shapermc_ecumenical_altar_venn,
          hellmonk_ghost_happy_afterlife, nrook_mini_backslash
D:4:      layout_basic

Skill      XL: |  1  2  3  4  5 |
---------------+----------------+-----
Armour         | 1 |  1.1
Ranged Weapons | 5 6 |  6.0
Fighting       | 3 |  3.1
Dodging        | |  1.5
Stealth        | |  1.1

Action                     |  1- 3 |  4- 6 || total
---------------------------+-------+-------++-------
   Fire: Shortbow          |   106 |    74 ||   180
    Use: Scroll            |     3 |     2 ||     5
         Potion            |     1 |     2 ||     3
 Armour: Leather armour    |     7 |       ||     7
         Ring mail         |    13 |    84 ||    97
  Dodge: Dodged            |    20 |    58 ||    78

Table legend:
 A = Non-vault XP
 B = Vault XP
 C = Vault XP percentage of total XP
 D = Non-vault monster count
 E = Vault monster count
 F = Vault count percentage of total count
                 A         B        C        D         E       F
            +---------+---------+-------+---------+---------+-------
      Total |     216 |       4 |   1.8 |      58 |       3 |   4.9
            +---------+---------+-------+---------+---------+-------
        D:1 |      29 |       4 |  12.1 |      18 |       3 |  14.3
        D:2 |      47 |       0 |   0.0 |      16 |       0 |   0.0
        D:3 |     138 |       0 |   0.0 |      23 |       0 |   0.0
        D:4 |       2 |       0 |   0.0 |       1 |       0 |   0.0
            +---------+---------+-------+---------+---------+-------
